 Dungeon Crawl Stone Soup version 0.28.0 (webtiles) character file.

Game seed: 6792111189262444414

2139 inmateoo the Chopper (level 9, -14/65 (69) HPs)
             Began as a Formicid Warper on Feb 15, 2022.
             Was a Follower of Okawaru.
             Demolished by Maggie (17 damage)
             ... on level 6 of the Dungeon.
             The game lasted 00:09:08 (6563 turns).

inmateoo the Chopper (Formicid Warper)              Turns: 6563, Time: 00:09:08

HP:   -14/65 (69)   AC: 14    Str: 20    XL:     9   Next: 55%
MP:   12/12         EV: 12    Int: 13    God:    Okawaru [*.....]
Gold: 81            SH:  0    Dex: 16    Spells: 12/12 levels left

rFire   . . .      SeeInvis +   m - +1 hand axe (elec)
rCold   . . .      Faith    .   (no shield)
rNeg    . . .      Spirit   .   l - +4 scale mail of Warel {rElec SInv}
rPois   .          Reflect  .   (helmet unavailable)
rElec   +          Harm     .   (no cloak)
rCorr   .          Rampage  .   i - +0 pair of gloves
Will    .....                   n - +0 pair of boots
Stlth   ..........              d - amulet of regeneration
HPRegen 1.00/turn               h - +6 ring of dexterity
MPRegen 0.13/turn               a - ring of flight

@: flying, mesmerised, drained
A: permanent stasis, dig shafts and tunnels, antennae 3, four strong arms
a: Dig, Shaft Self, Renounce Religion, Heroism


You were on level 6 of the Dungeon.
You worshipped Okawaru.
Okawaru was aware of your devotion.
You visited 2 branches of the dungeon, and saw 7 of its levels.
You also visited: Ossuary.

You collected 226 gold pieces.
You spent 145 gold pieces at shops.

Inventory:

Hand Weapons
 e - a +1 dagger of venom
 m - a +1 hand axe of electrocution (weapon)
Missiles
 c - 5 boomerangs of dispersal (quivered)
 f - 5 boomerangs
 j - a throwing net
Armour
 i - a +0 pair of gloves (worn)
 l - the +4 scale mail of Warel (worn) {rElec SInv}
   (You found it on level 4 of the Dungeon)

   rElec:     It insulates you from electricity.
   SInv:      It lets you see invisible.
 n - a +0 pair of boots (worn)
Jewellery
 a - a ring of flight (right hand)
 d - an amulet of regeneration (around neck)
 h - a +6 ring of dexterity (left hand)
Scrolls
 b - a scroll of enchant armour
 s - a scroll of fog
 u - a scroll of identify
Potions
 g - a potion of flight
 k - a potion of ambrosia
 o - 2 potions of degeneration {unknown}
 p - 2 potions of cancellation {unknown}
 q - 3 potions of haste {unknown}
 r - a potion of magic {unknown}
 t - a potion of resistance


   Skills:
 + Level 6.2 Fighting
 * Level 7.8 Axes
 - Level 1.0 Throwing
 + Level 5.9 Armour
 + Level 5.1 Dodging
 - Level 2.1 Spellcasting
 - Level 2.6 Translocations


You had 12 spell levels left.
You didn't know any spells.
Your spell library contained the following spells:

 Spells                   Type           Power      Damage    Failure   Level
 Freeze                   Ice            4%         1d3       54%         1
 Slow                     Hex            4%         N/A       54%         1
 Gell's Gravitas          Tloc           8%         N/A       54%         3
 Lesser Beckoning         Tloc           8%         N/A       54%         3
 Teleport Other           Tloc           8%         N/A       54%         3
 Confusing Touch          Hex            1%         N/A       89%         3
 Frozen Ramparts          Ice            2%         1d2       89%         3
 Vampiric Draining        Necr           1%         2d6       89%         3
 Manifold Assault         Tloc           8%         N/A       99%         5
 Hailstorm                Conj/Ice       1%         3d3       100%        4
 Blink                    Tloc           Unusable   N/A       N/A         2

Dungeon Overview and Level Annotations

Branches:
Dungeon (6/15)             Temple (1/1) D:5         Ossuary (visited)

Altars:
Ashenzari
Dithmenos
Elyvilon
Fedhas
Gozag
Hepliaklqana
Kikubaaqudgha
Makhleb
Nemelex Xobeh
Okawaru
Qazlal
Ru
Sif Muna
Trog
Uskayaw
Vehumet
Wu Jian
Xom
Yredelemnul
Zin
The Shining One

Shops:
D:1 (

Annotations:
D:6 Maggie


Innate Abilities, Weirdness & Mutations

You cannot be hasted, slowed, berserked, paralysed or teleported.
You can dig through walls and to a lower floor.
You have a pair of large antennae on your head. (SInv)
Your four strong arms can wield two-handed weapons with a shield.


Message History

You closely miss Maggie.
Maggie is lightly wounded.
You closely miss Maggie.
Maggie is lightly wounded.
Maggie hits you with a +2 vorpal war axe!
You hit Maggie.
Maggie is lightly wounded.
Maggie hits you with a +2 vorpal war axe!
You slash Maggie! Lightning courses through Maggie!
Maggie is heavily wounded.
Maggie gestures wildly while chanting.
Maggie draws you further into her thrall.
A scorpion comes into view.
You hit Maggie.
Maggie is heavily wounded.
Maggie drinks a potion.
Maggie seems to grow stronger.
You are too injured to fight recklessly!
You barely miss Maggie.
Maggie is heavily wounded.
Maggie hits you with a +2 vorpal war axe!
* * * LOW HITPOINT WARNING * * *
x2 You are too injured to fight recklessly!
You hit Maggie.
Maggie is heavily wounded.
Maggie gives herself a magical halo, but it quickly sputters out.
Maggie casts a spell at you. The bolt of fire hits you!
* * * LOW HITPOINT WARNING * * *
Okay, then.
You closely miss Maggie.
Maggie is heavily wounded.
Maggie barely misses you.
Okay, then.
You hit Maggie but do no damage.
Maggie is heavily wounded.
Maggie closely misses you.
You hit Maggie but do no damage.
Maggie is heavily wounded.
Maggie hits you with a +2 vorpal war axe!
You die...

..... #......##
#.. #$......#
.##.. #.......#
..... .......
###.# ..... #.#
.s. #.. #@# ###
#@##### #######
#.....######......
#####........#####
##########


You could see Maggie (mesmerising, strong) and a scorpion.

Vanquished Creatures
  Pikel (D:5)
  Menkaure (D:5)
  An ice beast (D:6)
  A black bear (D:6)
  A hornet zombie (D:5)
  An ogre (D:5)
  A phantom (D:5)
  An elf zombie (Ossuary)
  A howler monkey (D:6)
  3 wights (D:6)
  A centaur zombie (Ossuary)
  3 human zombies (Ossuary)
  3 orc priests (D:5)
  2 hounds
  A jelly (D:6)
  A bullfrog skeleton (D:5)
  6 iguanas
  Terence (D:3)
  Natasha (twice) (D:3)
  3 orc wizards
  3 mummies
  Robin (D:2)
  7 gnolls
  4 adders
  A shadow imp (D:6)
  An ufetubus (D:5)
  2 adder zombies
  An adder skeleton (D:4)
  2 worms
  2 dart slugs
  5 orcs
  8 endoplasms
  4 giant cockroaches
  17 goblins
  14 hobgoblins
  4 quokkas
  A ball python skeleton (D:2)
  7 bats
  7 frilled lizards
  2 goblin zombies
  11 hobgoblin zombies (Ossuary)
  2 jackal zombies (Ossuary)
  4 kobolds
  9 kobold zombies
  8 orc zombies (Ossuary)
  A rat zombie (Ossuary)
163 creatures vanquished.

Notes
Turn   | Place    | Note
-------+----------+-------------------------------------------
     0 | D:1      | inmateoo the Formicid Warper began the quest for the Orb.
     0 | D:1      | Reached XP level 1. HP: 16/16 MP: 3/3
   312 | D:1      | Found Uchyarcha's Weapon Shoppe.
   551 | D:1      | Reached XP level 2. HP: 23/23 MP: 5/5
   834 | D:1      | Found a faded altar of an unknown god.
  1242 | D:1      | Reached XP level 3. HP: 22/28 MP: 6/6
  1952 | D:2      | Reached XP level 4. HP: 34/34 MP: 7/7
  1964 | D:2      | Reached skill level 3 in Axes
  2414 | D:3      | Noticed Robin
  2499 | D:2      | Killed Robin
  2633 | D:3      | Noticed Terence
  2643 | D:3      | Killed Terence
  2644 | D:3      | Reached XP level 5. HP: 22/41 MP: 8/8
  2964 | D:3      | Noticed Natasha
  2975 | D:3      | Killed Natasha
  3014 | D:3      | Noticed Natasha
  3021 | D:3      | Killed Natasha
  3389 | D:4      | Reached XP level 6. HP: 47/47 MP: 9/9
  3485 | D:4      | Identified the +4 scale mail of Warel {rElec SInv}
  3521 | D:4      | Reached skill level 4 in Axes
  3922 | D:4      | Found a sand-covered staircase.
  3936 | Ossuary  | Entered an ossuary
  4274 | Ossuary  | Reached XP level 7. HP: 53/53 MP: 10/10
  4334 | Ossuary  | Reached skill level 5 in Axes
  4744 | D:5      | Entered Level 5 of the Dungeon
  4861 | D:5      | Reached XP level 8. HP: 53/61 MP: 11/11
  4954 | D:5      | Noticed Pikel
  4974 | D:5      | Killed Pikel
  4975 | D:5      | Reached skill level 5 in Fighting
  4975 | D:5      | Reached skill level 6 in Axes
  5023 | D:5      | Found a staircase to the Ecumenical Temple.
  5032 | Temple   | Entered the Ecumenical Temple
  5126 | Temple   | Became a worshipper of Warmaster Okawaru
  5290 | D:5      | Reached skill level 5 in Armour
  5291 | D:5      | Reached XP level 9. HP: 41/68 MP: 12/12
  5405 | D:5      | Found a sacrificial altar of Ru.
  5468 | D:5      | Found an ancient bone altar of Kikubaaqudgha.
  5468 | D:5      | Found a shimmering altar of Xom.
  5510 | D:5      | Noticed Menkaure
  5522 | D:5      | Killed Menkaure
  5523 | D:5      | Reached skill level 7 in Axes
  6123 | D:1      | Bought a +1 hand axe of electrocution for 145 gold pieces
  6199 | D:6      | Reached * piety under Okawaru
  6216 | D:6      | Found an opulent altar of Gozag.
  6244 | D:6      | Reached skill level 5 in Dodging
  6332 | D:6      | Found a sparkling altar of Nemelex Xobeh.
  6548 | D:6      | Noticed Maggie
  6560 | D:6      | HP: 1/65 [Maggie/bolt of fire (14)]
  6563 | D:6      | Demolished by Maggie

Illustrated notes

Levels and vault maps discovered:
D:1:      shiori_arrival_oz, layout_loops_corners, serial_shops, shop,
          chequers_ecumenical_altar_simple_redux
D:2:      minmay_skewed_foursquare, layout_basic
D:3:      layout_loops_cross, uniq_natasha, uniq_robin, uniq_terence
D:4:      layout_loops_corners, nicolae_ossuary_entry_giza
D:5:      layout_loops_ring, nicolae_overflow_crystal_walls,
          mainiacjoe_overflow_large_starburst, minmay_temple_entry_ruins,
          kennysheep_generic_room_6, uniq_menkaure, uniq_pikel
D:6:      layout_loops_cross, old_standard_altar,
          nemelex_xobeh_ov_fountains_minmay, minivault_19, uniq_maggie
Temple:   nicolae_temple_elliptical

Skill      XL: |  1  2  3  4  5  6  7  8  9 |
---------------+----------------------------+-----
Dodging        | 2 3 4 5 |  5.1
Armour         | 2 3 4 5 |  5.9
Axes           | 3 4 5 6 7 |  7.8
Fighting       | 3 4 5 6 |  6.2
Throwing       | |  1.0
Spellcasting   | |  2.1
Translocations | |  2.6

Action                   |  1- 3 |  4- 6 |  7- 9 || total
-------------------------+-------+-------+-------++-------
Melee: Hand axe          |   108 |   217 |   355 ||   680
       Dagger            |       |    27 |       ||    27
       Punch             |       |     2 |     7 ||     9
  Use: Scroll            |     2 |     2 |     5 ||     9
       Potion            |       |     2 |     1 ||     3
Armor: Leather armour    |    29 |    25 |       ||    54
       Skin              |       |     4 |       ||     4
       Scale mail        |       |    88 |   166 ||   254
Dodge: Dodged            |    78 |   145 |   188 ||   411
